 Dungeon Crawl Stone Soup version 0.22.1-1-ga44c0e56f4 (webtiles) character file.

11014 Azzok the Geomancer (level 11, 0/81 HPs)
             Began as a Deep Dwarf Earth Elementalist on Oct 5, 2018.
             Was an Elder of Makhleb.
             Slain by an ice devil (5 damage)
             ... in an ice cave.
             The game lasted 00:21:20 (14787 turns).

Azzok the Geomancer (DDEE)                         Turns: 14787, Time: 00:21:20

Health: 0/81       AC:  8    Str: 11    XL:     11   Next: 43%
Magic:  21/32      EV: 12    Int: 20    God:    Makhleb [****..]
Gold:   671        SH:  0    Dex: 13    Spells: 17/26 levels left

rFire    . . .     SeeInvis .   e - staff of conjuration
rCold    + . .     Gourm    +   (no shield)
rNeg     . . .     Faith    .   M - +2 robe {rC+}
rPois    .         Spirit   .   A - +0 helmet
rElec    .         Reflect  .   (no cloak)
rCorr    .         Harm     .   o - +2 pair of gloves
MR       +....                  (no boots)
Stlth    +++.......             g - amulet of the gourmand
HPRegen  0.00/turn              m - ring of magical power
MPRegen  0.23/turn              n - ring of stealth

@: non-regenerating
A: damage resistance, heal wounds, sense surroundings 2, no regeneration
a: Heal Wounds, Minor Destruction, Lesser Servant of Makhleb, Major Destruction,
Renounce Religion


You were in an ice cave.
You worshipped Makhleb.
Makhleb was greatly pleased with you.
You were full.

You visited 3 branches of the dungeon, and saw 12 of its levels.
You also visited: Sewer and Ice Cave.

You collected 671 gold pieces.

Inventory:

Hand Weapons
 H - the +6 flail of Gravity {drain, rC+}
   (You found it on level 7 of the Dungeon)

   A truly terrible weapon, it drains the life of those it strikes.
   It protects you from cold.
Missiles
 b - 166 stones (quivered)
Armour
 o - a +2 pair of gloves (worn)
 A - a +0 helmet (worn)
 M - a +2 robe of cold resistance (worn)
Magical Staves
 e - an uncursed staff of conjuration (weapon)
Jewellery
 g - an amulet of the gourmand (around neck)
 m - a ring of magical power (left hand)
 n - a ring of stealth (right hand)
 J - an uncursed ring of ice
Wands
 D - a wand of enslavement (13)
Scrolls
 h - 6 scrolls of remove curse
 j - 4 scrolls of fear
 l - 5 scrolls of teleportation
 u - 4 scrolls of enchant weapon
 v - a scroll of immolation {unknown}
 w - a scroll of magic mapping {unknown}
 x - a scroll of amnesia {unknown}
 y - 3 scrolls of fog
 B - a scroll of blinking {unknown}
 C - a scroll of random uselessness {unknown}
 F - a scroll of silence {unknown}
 G - a scroll of noise {unknown}
 K - a scroll of enchant armour {unknown}
Potions
 a - 2 potions of brilliance
 f - 2 potions of haste
 i - a potion of magic
 k - 5 potions of curing
 q - 8 potions of lignification
 r - a potion of invisibility
 s - a potion of cancellation
 t - a potion of heal wounds
 z - a potion of might
 E - a potion of flight
 I - 2 potions of mutation {unknown}
Comestibles
 d - 7 rations


   Skills:
 - Level 2.1 Dodging
 - Level 2.4 Stealth
 + Level 8.1 Spellcasting
 + Level 9.9 Conjurations
   Level 0.8 Transmutations
 + Level 14.5 Earth Magic


You had 17 spell levels left.
You knew the following spells:

 Your Spells              Type           Power        Failure   Level  Hunger
a - Sandblast             Erth           ######       1%          1    None
b - Stone Arrow           Conj/Erth      ######       1%          3    None
c - Lee's Rapid Deconstr  Erth           ######....   1%          5    #####..

Your spell library contained the following spells:

 Spells                   Type           Power        Failure   Level  Hunger
 Passwall                 Tmut/Erth      #####...     1%          2    None
 Petrify                  Tmut/Erth      #####...     3%          4    ###....


Dungeon Overview and Level Annotations

Branches:
Dungeon (9/15)             Temple (1/1) D:5            Lair (2/6) D:9
  Swamp: Lair:2-4    Shoals: Lair:2-4     Snake: Lair:2-4    Spider: Lair:2-4
    Orc: D:9-12

Altars:
Ashenzari
Cheibriados
Gozag
Makhleb
Nemelex Xobeh
Qazlal
Sif Muna
Yredelemnul
Zin

Shops:
D:4 (   D:5 *[


Innate Abilities, Weirdness & Mutations

You are resistant to damage.
You can heal yourself by infusing magical energy.
You passively map the area around you.
You do not regenerate.


Message History

Aiming: Stone Arrow (safe; 1% risk of failure)
Press: ? - help, Shift-Dir - straight line, f/p - ice devil
Aim: an ice devil You feel a surge of power!
The stone arrow hits the ice devil.
The ice devil is moderately wounded.
The ice devil hits you!
* * * LOW HITPOINT WARNING * * *
The ice devil freezes you! You resist.
* * * LOW HITPOINT WARNING * * *
Casting: Stone Arrow (safe; 1% risk of failure)
Confirm with . or Enter, or press ? or * to list all spells.
Aiming: Stone Arrow (safe; 1% risk of failure)
Press: ? - help, Shift-Dir - straight line, f/p - ice devil
Aim: an ice devil (moderately wounded)
You feel a surge of power!
The stone arrow hits the ice devil.
The ice devil is severely wounded.
The ice devil hits you!
* * * LOW HITPOINT WARNING * * *
The ice devil freezes you. You resist.
You die... ◦ ▒▒···▒ ◦◦◦◦◦ ≈ ▒··▒▒ ░ ◦░ ░ ≈▒···▒▒▒▒ ░ ◦ ▒▒··▒··▒▒ ░ ≈ ▒··▒···▒▒ ≈ ░ ▒·······▒ ◦◦◦◦

▒···▒▒··▒▒ ◦◦
◦◦ ◦
▒··▒▒▒···▒ ◦
▒▒@▒ ▒▒··▒ ◦
≈░▒·4··▒··▒
◦◦ ◦ §§4░
····▒▒··▒
···§
▒····▒··▒▒ ░
◦
·§§▒▒)··▒▒··▒
░◦ ◦
▒4§▒▒)·▒··▒▒
◦◦ ◦░
▒··▒▒▒▒··▒ ◦◦
◦░ ▒≈··▒▒▒·▒▒
◦ ◦ ░▒··▒§§▒▒


You could see an ice devil.

Vanquished Creatures
  Fannar (Lair:2)
  A hydra (Lair:1)
  A death yak (D:8)
  3 two-headed ogres
  2 ice statues (IceCv)
  2 komodo dragons (Lair:2)
  2 ice devils (IceCv)
  A hippogriff (D:8)
  A wyvern (D:8)
  4 yaks (Lair:1)
  3 water moccasins
  2 porcupines
  10 ice beasts
  A sky beast (D:7)
  An eye of draining (D:8)
  A phantom (D:4)
  3 ogres
  4 centaurs
  5 crocodiles
  4 bullfrogs
  A wyvern zombie (D:6)
  A scorpion (D:8)
  3 wights (D:6)
  3 crimson imps
  A bullfrog zombie (D:8)
  A centaur zombie (D:8)
  A quasit (D:9)
  2 jellies (D:8)
  9 orc wizards
  A centaur skeleton (D:4)
  4 orc priests
  2 bullfrog skeletons
  A hound (D:4)
  8 worker ants
  4 iguanas
  2 hell rats
  2 worker ant zombies (D:5)
  4 gnolls (D:4)
  17 adders
  2 river rats (D:9)
  2 white imps (IceCv)
  6 ufetubi (IceCv)
  6 oozes (Sewer)
  An adder skeleton (D:5)
  2 worms
  5 dart slugs
  12 leopard geckos
  24 orcs
  10 bats
  13 giant cockroaches
  7 goblins
  7 hobgoblins
  10 jackals
  5 quokkas
  18 ball pythons
  23 frilled lizards
  5 kobolds
  10 rats
287 creatures vanquished.

Vanquished Creatures (others)
  A reaper (IceCv)
  2 white imps (IceCv)
  6 ufetubi (IceCv)
  A plant (Lair:1)
10 creatures vanquished.

Grand Total: 297 creatures vanquished

Notes
Turn   | Place    | Note
-------+----------+-------------------------------------------
     0 | D:1      | Azzok the Deep Dwarf Earth Elementalist began the quest for
                  | the Orb.
     0 | D:1      | Reached XP level 1. HP: 15/15 MP: 3/3
   273 | D:1      | Reached XP level 2. HP: 22/22 MP: 0/4
   448 | D:1      | Reached skill level 5 in Earth Magic
   822 | D:2      | Reached XP level 3. HP: 24/28 MP: 1/5
   868 | D:2      | Learned a level 3 spell: Stone Arrow
  1010 | D:2      | Reached skill level 6 in Earth Magic
  1147 | D:2      | Reached skill level 1 in Conjurations
  1147 | D:2      | Reached XP level 4. HP: 31/36 MP: 6/6
  2638 | D:3      | Reached XP level 5. HP: 32/42 MP: 6/7
  2866 | D:3      | Found a faded altar of an unknown god.
  3192 | D:3      | Reached skill level 7 in Earth Magic
  3595 | D:4      | Found Digeo's Antique Weapon Shoppe.
  3610 | D:4      | Noticed a phantom
  3627 | D:4      | Killed a phantom
  3715 | D:4      | Reached XP level 6. HP: 31/49 MP: 8/8
  4191 | D:4      | Reached skill level 8 in Earth Magic
  4790 | D:4      | Reached XP level 7. HP: 35/55 MP: 4/9
  5438 | D:5      | Entered Level 5 of the Dungeon
  5535 | D:5      | Found Dotaepid's Armour Boutique.
  5694 | D:5      | Found Gotwuama's Assorted Antiques.
  5738 | D:5      | Found a shattered altar of Ashenzari.
  5845 | D:5      | Reached skill level 9 in Earth Magic
  6444 | D:5      | Found a staircase to the Ecumenical Temple.
  6506 | Temple   | Entered the Ecumenical Temple
  6532 | Temple   | Became a worshipper of Makhleb the Destroyer
  7023 | D:5      | Found a deep blue altar of Sif Muna.
  7093 | D:6      | Found a glowing drain.
  7145 | Sewer    | Entered a sewer
  7974 | Sewer    | Learned a level 5 spell: Lee's Rapid Deconstruction
  8038 | Sewer    | Reached skill level 5 in Conjurations
  8152 | Sewer    | Reached * piety under Makhleb
  8818 | D:6      | Reached XP level 8. HP: 46/62 MP: 10/11
  8939 | D:6      | Reached skill level 10 in Earth Magic
  9052 | D:6      | Found an opulent altar of Gozag.
  9994 | D:7      | Reached ** piety under Makhleb
 10129 | D:7      | Got a dazzling flail
 10133 | D:7      | Identified the +6 flail of Gravity {drain, rC+} (You found
                  | it on level 7 of the Dungeon)
 10293 | D:7      | Reached skill level 11 in Earth Magic
 10443 | D:7      | Gained mutation: You passively map the area around you.
                  | [Deep Dwarf growth]
 10443 | D:7      | Reached XP level 9. HP: 59/68 MP: 14/15
 10591 | D:7      | Found a glowing silver altar of Zin.
 10898 | D:8      | Noticed a two-headed ogre
 10905 | D:8      | Killed a two-headed ogre
 10999 | D:8      | Reached skill level 5 in Spellcasting
 11043 | D:8      | Reached skill level 12 in Earth Magic
 11160 | D:8      | Noticed a two-headed ogre
 11164 | D:8      | Killed a two-headed ogre
 11383 | D:8      | Reached XP level 10. HP: 34/75 MP: 18/18
 11899 | D:8      | Got an ancient leather armour
 11900 | D:8      | Identified the +1 leather armour of Sowkanauk {Int-3 Dex+5}
                  | (You found it on level 8 of the Dungeon)
 11918 | D:9      | Noticed a two-headed ogre
 11925 | D:9      | Killed a two-headed ogre
 12161 | D:9      | Noticed a death yak
 12161 | D:9      | Noticed a death yak
 12192 | D:8      | Killed a death yak
 12192 | D:8      | Reached skill level 13 in Earth Magic
 12302 | D:9      | Noticed a death yak
 12436 | D:9      | Reached *** piety under Makhleb
 12546 | D:9      | Found a staircase to the Lair.
 12556 | Lair:1   | Entered Level 1 of the Lair of Beasts
 12820 | Lair:1   | Noticed a six-headed hydra
 12827 | Lair:1   | Killed a six-headed hydra
 13269 | Lair:1   | Reached XP level 11. HP: 69/81 MP: 22/22
 13642 | Lair:2   | Noticed Fannar
 13712 | Lair:2   | Killed Fannar
 13712 | Lair:2   | Reached skill level 14 in Earth Magic
 13890 | Lair:2   | Found a frozen archway.
 14085 | IceCv    | Entered an ice cave
 14449 | IceCv    | HP: 3/81 [something (9)]
 14752 | IceCv    | Killed a reaper
 14784 | IceCv    | Reached **** piety under Makhleb
 14787 | IceCv    | Slain by an ice devil

Skill      XL: |  1  2  3  4  5  6  7  8  9 10 11 |
---------------+----------------------------------+-----
Earth Magic    | 5 6 7 8 9 11 12 13 14 | 14.5
Conjurations   | 1 2 3 4 5 6 7 9 |  9.9
Spellcasting   | 2 4 5 7 8 |  8.1
Dodging        | |  2.1
Stealth        | |  2.4
Transmutations | |  0.8

Action                   |  1- 3 |  4- 6 |  7- 9 | 10-12 || total
-------------------------+-------+-------+-------+-------++-------
Melee: Mace              |    37 |       |     1 |       ||    38
       Staff             |       |       |       |     1 ||     1
 Cast: Sandblast         |    21 |    21 |    17 |    40 ||    99
       Stone Arrow       |     1 |    87 |   181 |   130 ||   399
  Use: Scroll            |       |       |    16 |     4 ||    20
       Potion            |       |       |       |     2 ||     2
 Stab: Sleeping          |     2 |       |       |       ||     2
       Distracted        |       |       |       |     1 ||     1
  Eat: Chunk             |     1 |    19 |    35 |    14 ||    69
       Ration            |       |     1 |     3 |       ||     4
Armor: Robe              |    21 |     3 |    11 |    10 ||    45
Dodge: Dodged            |    43 |    12 |    26 |    21 ||   102
